 Dungeon Crawl Stone Soup version 0.17.1-2-g5865329 (webtiles) character file.

238 Rationalist the Skirmisher (level 5, -2/63 HPs)
             Began as a Demonspawn Berserker on Feb 16, 2016.
             Was a Believer of Trog.
             Slain by Edmund
             ... wielding a +2 flail of crushing
              (6 damage)
             ... on level 4 of the Dungeon.
             The game lasted 00:05:13 (3800 turns).

Rationalist the Skirmisher (Demonspawn Berserker)   Turns: 3800, Time: 00:05:13

Health: -2/63      AC:  5    Str: 22    XL:     5   Next: 78%
Magic:  5/5        EV: 13    Int:  4    God:    Trog [**....]
Gold:   148        SH:  0    Dex: 14    Spells: 0 memorised, 4 levels left

rFire  + . .     SeeInvis .     a - +0 hand axe
rCold  . . .     Clarity  .     (no armour)
rNeg   . . .     SustAt   .     (no shield)
rPois  .         Gourm    .     n - +2 helmet
rElec  .         Spirit   .     (no cloak)
rCorr  .         Warding  .     (no gloves)
rMut   .         Stasis   .     (no boots)
MR     .....                    (no amulet)
Stlth  ..........               u - -4 ring of intelligence (curse)
                                p - ring of protection from fire

@: berserking (expiring), very quick, not resistant to hostile enchantments,
extremely unstealthy
A: yellow scales 1
a: Berserk, Trog's Hand, Burn Spellbooks, Renounce Religion


You were on level 4 of the Dungeon.
You worshipped Trog.
Trog was pleased with you.
You were hungry.

You visited 1 branch of the dungeon, and saw 4 of its levels.

You collected 148 gold pieces.

Inventory:

Hand Weapons
 a - a +0 hand axe (weapon)
Armour
 n - a +2 helmet (worn)
Jewellery
 k - an uncursed amulet of stasis
 p - a ring of protection from fire (left hand)
 u - a cursed -4 ring of intelligence (right hand)
Scrolls
 o - a scroll of teleportation
Potions
 e - 3 potions of curing
 h - a potion of might {unknown}
 l - 3 potions of heal wounds {unknown}
 m - a potion of mutation {unknown}
 r - a potion of agility {unknown}
 t - a potion of resistance {unknown}
Comestibles
 b - 4 meat rations
 c - 2 bread rations
 f - 2 slices of pizza
 s - 6 chunks of flesh


   Skills:
 + Level 4.3 Fighting
 + Level 3.7 Axes
 + Level 1.8 Armour
 + Level 3.7 Dodging
 + Level 1.1 Stealth


You had 4 spell levels left.
You didn't know any spells.

Dungeon Overview and Level Annotations

Branches:
Dungeon (4/15)
 Temple: D:4-7

Altars:
Qazlal
Ru
Sif Muna
Trog

Annotations:
D:4 Edmund


Innate Abilities, Weirdness & Mutations

You are partially covered in yellow scales (AC +2).


Message History

You barely miss Edmund.
Edmund says, "A flail is better than a scythe, any day of the week!"
Edmund misses you.
You barely miss Edmund. You barely miss Edmund.
Edmund hits you with a flail of crushing.
* * * LOW HITPOINT WARNING * * *
x2 You barely miss Edmund.
Edmund closely misses you.
You slash Edmund!
Edmund is moderately wounded.
You slash Edmund!
Edmund is heavily wounded.
Edmund hits you with a flail of crushing.
* * * LOW HITPOINT WARNING * * *
x2 You closely miss Edmund.
Edmund is heavily wounded.
You slash Edmund!
Edmund is severely wounded.
Edmund hits you with a flail of crushing.
You die...

#<............#
+.............+ #
#.............#
#..#####.#.......##.##
.....<.....##........#
#..#####.#.####..##..#
. #.#.####..##..###
.................
#..#.####.@.......
...... #.@.......
##..#.## #.........
...#.# #...#..### #.
#.# #...#..# #...#..#
..... .. ..... ..


You could see Edmund.

Vanquished Creatures
  A giant frog (D:3)
  An orc wizard (D:3)
  An orc priest (D:3)
  3 adders (D:2)
  An ooze (D:3)
  A worm (D:3)
  4 giant geckos
  6 orcs (D:3)
  4 bats
  6 goblins
  5 hobgoblins
  3 jackals (D:3)
  A quokka (D:2)
  4 giant cockroaches
  8 giant newts
  7 kobolds
  3 rats
59 creatures vanquished.

Notes
Turn   | Place    | Note
--------------------------------------------------------------
     0 | D:1      | Rationalist the Demonspawn Berserker began the quest for the Orb.
     0 | D:1      | Reached XP level 1. HP: 18/18 MP: 1/1
   439 | D:1      | Gained mutation: You are partially covered in yellow scales (AC +2). [demonic ancestry]
   439 | D:1      | Reached XP level 2. HP: 17/24 MP: 2/2
  1527 | D:2      | Reached XP level 3. HP: 26/29 MP: 3/3
  2150 | D:2      | Reached ** piety under Trog
  2494 | D:2      | Found a faded altar to an unknown god.
  2777 | D:3      | Found a bloodstained altar of Trog.
  2863 | D:3      | Found a sacrificial altar of Ru.
  2868 | D:3      | Found a deep blue altar of Sif Muna.
  2871 | D:3      | Reached XP level 4. HP: 37/37 MP: 4/4
  3321 | D:3      | Found a stormy altar of Qazlal.
  3338 | D:3      | Reached skill level 4 in Fighting
  3579 | D:3      | Reached XP level 5. HP: 18/42 MP: 5/5
  3704 | D:3      | Noticed a giant frog
  3711 | D:3      | Killed a giant frog
  3711 | D:3      | Reached skill level 1 in Stealth
  3779 | D:4      | Noticed Edmund
  3800 | D:4      | Slain by Edmund

Action                   |  1- 3 |  4- 6 || total
-------------------------+-------+-------++-------
Melee: Hand axe          |   145 |    87 ||   232
Invok: Berserk           |     1 |     4 ||     5
  Use: Scroll            |       |     6 ||     6
  Eat: Chunk             |     7 |     6 ||    13
